 Dungeon Crawl Stone Soup version 0.19.0-11-g3fc08b3 (webtiles) character file.

5139 Andry07 the Protected (level 10, 0/64 HPs)
             Began as a Gargoyle Fighter on Nov 10, 2016.
             Was an Elder of Okawaru.
             Slain by a yak (8 damage)
             ... on level 8 of the Dungeon.
             The game lasted 00:19:00 (8154 turns).

Andry07 the Protected (Gargoyle Fighter)            Turns: 8154, Time: 00:19:00

Health: 0/64       AC: 31    Str: 22    XL:     10   Next: 58%
Magic:  9/10       EV: 10    Int:  8    God:    Okawaru [****..]
Gold:   434        SH: 15    Dex: 11    Spells: 0 memorised, 9 levels left

rFire  . . .     SeeInvis .     C - +2 flail (holy)
rCold  . . .     Gourm    .     E - +0 storm dragon scales
rNeg   + . .     Faith    .     c - +0 shield
rPois  ∞         Spirit   .     (no helmet)
rElec  +         Reflect  +     K - +2 cloak
rCorr  .         Harm     .     y - +0 pair of gloves
MR     .....     Rnd*Tele +     (no boots)
Stlth  ..........               t - +4 amulet of reflection
                                (no ring)
                                x - ring of teleportation (curse)

@: heroism
A: negative energy resistance 1, electricity resistance, unbreathing,
petrification resistance, rot immunity, AC +7
a: Heroism, Renounce Religion


You were on level 8 of the Dungeon.
You worshipped Okawaru.
Okawaru was greatly pleased with you.
You were not hungry.

You visited 2 branches of the dungeon, and saw 10 of its levels.

You collected 524 gold pieces.
You spent 90 gold pieces at shops.

Inventory:

Hand Weapons
 C - a +2 flail of holy wrath (weapon)
Armour
 c - a +0 shield (worn)
 y - a +0 pair of gloves (worn)
 E - +0 storm dragon scales (worn)
 K - a +2 cloak (worn)
Jewellery
 t - a +4 amulet of reflection (around neck)
 x - a cursed ring of teleportation (left hand)
 A - an uncursed amulet of magic regeneration
Wands
 n - a wand of polymorph (7/24)
 H - a wand of disintegration (13/24)
Scrolls
 b - 2 scrolls of enchant weapon {unknown}
 h - 2 scrolls of recharging
 i - 3 scrolls of fog
 j - 3 scrolls of teleportation
 k - 2 scrolls of enchant armour {unknown}
 m - 3 scrolls of remove curse
 p - 2 scrolls of amnesia
 F - 2 scrolls of magic mapping {unknown}
 G - 3 scrolls of identify
 J - a scroll of noise {unknown}
 M - a scroll of blinking {unknown}
Potions
 a - 2 potions of invisibility {unknown}
 d - 2 potions of might
 e - a potion of heal wounds {unknown}
 g - 5 potions of curing
 l - 3 potions of berserk rage {unknown}
 o - 2 potions of agility {unknown}
 s - a potion of haste {unknown}
 u - 2 potions of resistance
 v - 3 potions of flight {unknown}
 w - a potion of degeneration {unknown}
 L - a potion of cancellation {unknown}
Books
 z - a book of Minor Magic

   Spells                             Type                      Level
   a - Magic Dart                     Conjuration                  1
   b - Blink                          Translocation                2
   c - Call Imp                       Summoning                    2
   d - Repel Missiles                 Charms/Air                   2
   e - Slow                           Hexes                        2
   f - Conjure Flame                  Conjuration/Fire             3
   g - Mephitic Cloud                 Conjuration/Poison/Air       3
 B - a book of Geomancy

   Spells                             Type                      Level
   a - Sandblast                      Earth                        1
   b - Passwall                       Transmutation/Earth          2
   c - Stone Arrow                    Conjuration/Earth            3
   d - Petrify                        Transmutation/Earth          4
   e - Lee's Rapid Deconstruction     Earth                        5
Comestibles
 f - 8 bread rations
 q - 6 meat rations
 r - a royal jelly
 D - 5 beef jerkies
 I - 7 slices of pizza
 N - 7 chunks of flesh


   Skills:
 * Level 8.2(13.2) Fighting
 - Level 2.0(7.0) Maces & Flails
 + Level 14.6(19.6) Armour
 - Level 3.2(8.2) Shields


You had 9 spell levels left.
You didn't know any spells.

Dungeon Overview and Level Annotations

Branches:
Dungeon (9/15)             Temple (1/1) D:6
   Lair: D:8-11         Orc: D:9-12

Altars:
Ashenzari
Cheibriados
Dithmenos
Elyvilon
Fedhas
Gozag
Hepliaklqana
Kikubaaqudgha
Makhleb
Nemelex Xobeh
Okawaru
Qazlal
Ru
Sif Muna
Trog
Uskayaw
Vehumet
Xom
Yredelemnul
Zin
The Shining One

Shops:
D:4 ?[[(


Innate Abilities, Weirdness & Mutations

You are resistant to torment.
Your stone body is resilient. (AC +7)
You are immune to poison.
You resist negative energy. (rN+)
You are resistant to electric shocks. (rElec)
You can survive without breathing.
You are immune to petrification.
You are immune to rotting.


Message History

You hit the yak.
The yak is heavily wounded.
The yak gores you.
* * * LOW HITPOINT WARNING * * *
You hit the yak.
The yak is heavily wounded.
You block the yak's attack.
You closely miss the yak.
The yak is heavily wounded.
The yak barely misses you.
You hit the yak.
The yak is heavily wounded.
The yak closely misses you.
You hit the yak.
The yak is heavily wounded.
You block the yak's attack.
You hit the yak but do no damage.
The yak is heavily wounded.
The yak barely misses you. The yak gores you!
You die...

#####.##...|.....# #.#
.........#.#.###.# #.#
#####...##.#.# #.# #.# #
#.....#.#.###.###.#
##................#
#......##...Y.>..#
##.######.##Y###.# #.#
#.##Y# #.# ##+## #.##@#
#.# ##...## #.#..# #.#
##.....## #.#.## #.#
##.......###.#..###.#
##.........##........#
.'.........'.........##
##.........####.......##
##.......## #........##
##.....## #.........#


You could see 3 yaks.

Vanquished Creatures
  The ghost of veneficus the Fighter, a novice MiBe of Trog (D:8)
  The ghost of Andry07 the Fighter, a novice GrFi (D:5)
  Prince Ribbit (D:7)
  A hippogriff (D:7)
  A wyvern (D:8)
  3 yaks (D:8)
  2 hogs (D:8)
  A human (D:8)
  Grum (D:9)
  Edmund (D:5)
  2 ice beasts
  A sky beast (D:6)
  2 orc warriors
  4 black bears
  2 ogres
  2 wolves (D:9)
  A big kobold (D:8)
  2 scorpions
  6 howler monkeys
  7 crimson imps
  A quasit (D:5)
  A jelly (D:8)
  2 orc wizards
  3 orc priests
  3 hounds
  A bullfrog skeleton (D:6)
  An iguana (D:6)
  9 worker ants
  2 hound zombies
  A hound skeleton (D:4)
  3 gnolls (D:6)
  10 adders
  An ooze (D:3)
  7 worms
  A dart slug (D:1)
  10 leopard geckos
  28 orcs
  2 ball pythons (D:2)
  5 bats
  10 giant cockroaches
  2 goblins (D:1)
  7 hobgoblins
  12 kobolds
  3 quokkas
  4 frilled lizards
  A jackal skeleton (D:4)
  A leopard gecko zombie (D:7)
  10 rats
183 creatures vanquished.

Notes
Turn   | Place    | Note
-------+----------+-------------------------------------------
     0 | D:1      | Andry07 the Gargoyle Fighter began the quest for the Orb.
     0 | D:1      | Reached XP level 1. HP: 14/14 MP: 1/1
   121 | D:1      | Reached XP level 2. HP: 20/20 MP: 2/2
   873 | D:1      | Reached XP level 3. HP: 24/24 MP: 3/3
  1408 | D:2      | Found a bloodstained altar of Trog.
  1408 | D:2      | Found an iron altar of Okawaru.
  1555 | D:2      | Reached skill level 5 in Fighting
  1763 | D:3      | Reached XP level 4. HP: 27/31 MP: 4/4
  2069 | D:3      | Reached XP level 5. HP: 25/36 MP: 5/5
  2636 | D:2      | Became a worshipper of Warmaster Okawaru
  2685 | D:4      | Reached XP level 6. HP: 35/44 MP: 6/6
  2726 | D:4      | Found Loci's Armour Boutique.
  2732 | D:4      | Found Fezosoiturgh's Antique Weapon Boutique.
  2734 | D:4      | Found Ygos's Antique Armour Boutique.
  2735 | D:4      | Found Foiniunt's Magic Scroll Boutique.
  2747 | D:4      | Bought a scroll of identify for 20 gold pieces
  2747 | D:4      | Bought a scroll of identify for 20 gold pieces
  2747 | D:4      | Bought a scroll of identify for 20 gold pieces
  2747 | D:4      | Bought a scroll of teleportation for 30 gold pieces
  2890 | D:4      | Found a deep blue altar of Sif Muna.
  2890 | D:4      | Found a shattered altar of Ashenzari.
  2891 | D:4      | Found a blossoming altar of Fedhas.
  2892 | D:4      | Found a hazy altar of Hepliaklqana.
  2892 | D:4      | Found a shadowy altar of Dithmenos.
  2892 | D:4      | Found a stormy altar of Qazlal.
  3303 | D:5      | Entered Level 5 of the Dungeon
  3303 | D:5      | Noticed Andry07's ghost (novice GrFi)
  3670 | D:5      | Reached skill level 4 in Armour
  3670 | D:5      | Reached XP level 7. HP: 45/49 MP: 7/7
  3706 | D:5      | Reached skill level 5 in Armour
  3852 | D:5      | Noticed Edmund
  3878 | D:5      | Killed Edmund
  3878 | D:5      | Reached * piety under Okawaru
  3903 | D:5      | Reached skill level 6 in Armour
  4393 | D:5      | Killed Andry07's ghost
  4393 | D:5      | Reached ** piety under Okawaru
  4393 | D:5      | Reached skill level 8 in Armour
  4393 | D:5      | Reached XP level 8. HP: 35/54 MP: 6/8
  4626 | D:5      | Found a faded altar of an unknown god.
  4626 | D:5      | Found a faded altar of an unknown god.
  4633 | D:5      | Found a faded altar of an unknown god.
  4636 | D:5      | Found a snail-covered altar of Cheibriados.
  4637 | D:5      | Found a faded altar of an unknown god.
  4727 | D:6      | Found a staircase to the Ecumenical Temple.
  4737 | Temple   | Entered the Ecumenical Temple
  5035 | D:6      | Reached skill level 9 in Armour
  5297 | D:6      | Reached skill level 10 in Armour
  5320 | D:6      | Reached XP level 9. HP: 57/59 MP: 9/9
  5664 | D:7      | Reached *** piety under Okawaru
  5703 | D:7      | Reached skill level 11 in Armour
  5754 | D:7      | Noticed Prince Ribbit
  6073 | D:7      | Killed Prince Ribbit
  6082 | D:7      | Found an ancient bone altar of Kikubaaqudgha.
  6083 | D:7      | Found a sacrificial altar of Ru.
  6574 | D:8      | Noticed veneficus's ghost (novice MiBe)
  6595 | D:8      | Killed veneficus's ghost
  6595 | D:8      | Reached skill level 12 in Armour
  6730 | D:8      | Reached skill level 13 in Armour
  6789 | D:8      | Reached XP level 10. HP: 55/64 MP: 10/10
  6941 | D:8      | Reached **** piety under Okawaru
  7136 | D:8      | Found a stormy altar of Qazlal.
  7210 | D:8      | Reached skill level 14 in Armour
  7732 | D:9      | Noticed Grum
  7759 | D:9      | Killed Grum
  7787 | D:9      | Found a white marble altar of Elyvilon.
  8013 | D:9      | Noticed a hill giant
  8122 | D:8      | Reached ***** piety under Okawaru
  8154 | D:8      | Slain by a yak

Skill      XL: |  1  2  3  4  5  6  7  8  9 10 |
---------------+-------------------------------+-----
Fighting       | 4 5 6 7 8 |  8.2
Armour         | 4 8 10 13 14 | 14.6
Maces & Flails | |  2.0
Shields        | |  3.2

Action                   |  1- 3 |  4- 6 |  7- 9 | 10-12 || total
-------------------------+-------+-------+-------+-------++-------
Melee: Flail             |   136 |   209 |   445 |   209 ||   999
       Unarmed           |       |       |       |     8 ||     8
Invok: Heroism           |       |       |     3 |     1 ||     4
  Use: Scroll            |       |     6 |       |       ||     6
 Stab: Confused          |       |       |       |     1 ||     1
  Eat: Chunk             |     3 |     6 |    12 |     3 ||    24
       Fruit             |       |       |       |     2 ||     2
Armor: Scale mail        |    65 |   131 |    51 |       ||   247
       Storm dragon scal |       |       |   256 |   195 ||   451
       Skin              |       |       |       |     2 ||     2
Dodge: Dodged            |    53 |    82 |   139 |    72 ||   346
Block: Shield            |    75 |   119 |   385 |   258 ||   837
       Reflection        |       |       |       |     2 ||     2
